Map: Neon Violet Square LE

Players

Pain - Winner!

  • Race: Terran Terran
  • Spawn Location: 5:00

A.I. 1 (Medium)

  • Race: Terran Terran
  • Spawn Location: 11:00

VOD

Have the link to the VOD?

Description

Time

  • Played on: March 15, 2018, 1:35 p.m.
  • Length: 16:53
Show
View Real Time Build Order
Export as new Build Order

Pain Terran - Winner!

Build Orders:  

Get SALT Encoding   

  12  0:02  SCV  
  13  0:14  SCV  
  13  0:20  Supply Depot  
  14  0:28  SCV  
  15  0:42  Barracks  
  15  0:46  SCV  
  16  1:10  SCV  
  17  1:13  Refinery  
  17  1:22  SCV  
  18  1:30  Marine  
  19  1:34  SCV  
  19  1:38  Supply Depot  
  20  1:46  SCV  
  21  1:48  Marine  
  22  1:59  SCV  
  23  2:06  Marine  
  24  2:11  Command Center  
  24  2:24  Marine  
  25  2:31  Factory  
  25  2:56  Barracks Reactor  
  25  3:01  Command Center  
  26  3:12  SCV  
  26  3:18  Refinery  
  26  3:25  SCV, Factory Tech Lab  
  27  3:33  Engineering Bay, Marine x2  
  30  3:41  SCV  
  30  3:51  Orbital Command, Marine x2  
  30  3:53  SCV  
  33  4:05  SCV  
  33  4:09  Siege Tank, Marine  
  38  4:17  SCV  
  38  4:22  Barracks  
  39  4:29  SCV  
  39  4:30  SCV  
  41  4:41  SCV, Terran Infantry Weapons Level 1  
  41  4:42  SCV  
  43  4:53  Siege Tank  
  43  4:54  SCV x2  
  43  4:55  Marine x2  
  50  5:06  SCV, Refinery  
  51  5:08  SCV  
  51  5:13  Marine  
  51  5:14  SCV  
  54  5:18  SCV  
  55  5:25  Siege Tank  
  55  5:26  SCV  
  55  5:27  SCV  
  60  5:31  Supply Depot  
  60  5:39  SCV  
  61  5:53  SCV  
  61  5:54  Supply Depot  
  62  6:00  Barracks Tech Lab  
  62  6:03  Siege Tank  
  65  6:12  Orbital Command  
  65  6:16  Supply Depot  
  65  6:24  SCV  
  66  6:35  Terran Infantry Armor Level 1  
  66  6:36  SCV, Siege Tank  
  66  6:38  Combat Shields  
  70  6:41  SCV  
  71  6:48  SCV, Supply Depot  
  71  6:53  SCV  
  73  7:00  SCV  
  74  7:05  SCV  
  74  7:08  Siege Tank  
  78  7:11  Supply Depot  
  78  7:12  SCV  
  78  7:13  Starport  
  79  7:17  SCV  
  80  7:24  SCV  
  80  7:29  SCV  
  82  7:34  Supply Depot  
  82  7:36  SCV  
  83  7:57  Stimpack  
  83  8:00  Supply Depot  
  83  8:02  Siege Tank  
  83  8:04  Medivac  
  88  8:06  Marine x3  
  91  8:13  Refinery  
  91  8:20  SCV, Refinery  
  91  8:24  Missile Turret, Refinery, Marine x3  
  95  8:32  SCV  
  96  8:34  Medivac, Siege Tank  
  101  8:41  Marine  
  101  8:42  Marine x2  
  101  8:44  Supply Depot  
  101  8:45  SCV  
  105  8:48  Armory  
  105  8:57  SCV  
  105  8:59  Marine x3  
  109  9:06  Siege Tank  
  109  9:09  Supply Depot  
  112  9:17  Marine  
  112  9:19  SCV  
  112  9:21  SCV  
  115  9:31  SCV  
  116  9:33  SCV  
  120  9:38  Siege Tank  
  120  9:44  Supply Depot  
  120  9:46  SCV  
  120  9:51  Terran Infantry Weapons Level 2  
  121  9:54  Terran Vehicle Weapons Level 1  
  121  9:59  Medivac  
  123  10:02  Marine x2  
  123  10:03  Marine  
  123  10:06  Supply Depot  
  126  10:10  Siege Tank  
  129  10:20  Marine x2  
  117  10:29  Medivac  
  119  10:42  Siege Tank  
  122  10:57  Supply Depot  
  118  11:19  Supply Depot  
  118  11:24  Orbital Command  
  102  11:41  Refinery  
  102  11:49  Terran Vehicle And Ship Armor Level 1  
  102  12:07  Terran Infantry Armor Level 2, Supply Depot  
  102  12:11  Medivac, Siege Tank, Marine x3  
  110  12:29  Marine x3  
  113  12:30  Supply Depot  
  113  12:36  SCV  
  114  12:41  Medivac  
  114  12:43  Siege Tank  
  119  12:47  Marine x3  
  119  12:48  SCV  
  123  12:53  Supply Depot  
  123  13:00  SCV  
  123  13:04  Marine x2  
  123  13:05  Marine  
  127  13:11  Medivac  
  127  13:12  SCV  
  128  13:15  Siege Tank  
  125  13:22  Marine x2  
  125  13:23  Reaper  
  125  13:24  SCV  
  128  13:40  Marine x2  
  128  13:41  Medivac  
  130  13:47  Siege Tank  
  133  13:55  Marine  
  134  13:58  Marine x2  
  134  14:11  Medivac  
  134  14:12  Marine  
  134  14:16  Marine x2  
  139  14:20  Siege Tank  
  142  14:30  Marine  
  143  14:33  Marine x2  
  145  14:41  Medivac  
  147  14:48  Marine  
  147  14:51  Marine  
  149  14:55  Marine  
  149  14:57  Siege Tank  
  146  15:06  Marine  
  140  15:09  Marine  
  140  15:11  Medivac  
  140  15:13  Marine  
  140  15:24  Marine  
  140  15:27  Marine  
  142  15:29  Siege Tank  
  142  15:31  Marine  
  146  15:41  Medivac  
  146  15:42  Marine  
  149  16:07  Supply Depot  
  149  16:09  Supply Depot  
  149  16:11  Supply Depot  
  149  16:23  Marine x2  
  149  16:28  Marine  
  149  16:30  Supply Depot  
  150  16:33  Supply Depot  
  150  16:34  Supply Depot  
Show
View Real Time Build Order
Export as new Build Order

A.I. 1 (Medium) Terran 

Build Orders:  

Get SALT Encoding   

  12  0:00  SCV  
  13  0:13  SCV  
  14  0:20  Supply Depot  
  14  0:25  SCV  
  15  0:42  SCV, Barracks  
  16  0:54  SCV  
  17  1:06  SCV  
  18  1:18  Command Center  
  18  1:29  Marine  
  18  1:32  Orbital Command  
  19  1:37  Supply Depot  
  19  1:44  Refinery  
  19  1:47  Marine  
  20  1:58  SCV  
  20  2:00  Barracks  
  21  2:08  Refinery  
  21  2:10  SCV  
  22  2:18  Barracks Tech Lab  
  22  2:23  SCV  
  22  2:28  Supply Depot  
  23  2:36  Marine  
  24  2:37  SCV  
  25  2:47  Marine  
  25  2:49  SCV  
  27  2:53  Marine  
  27  2:54  SCV  
  29  3:05  Barracks Tech Lab, Factory  
  29  3:12  Marauder  
  31  3:15  Factory  
  31  3:25  Refinery  
  31  3:33  Reaper  
  32  3:34  Refinery  
  32  3:44  SCV  
  33  3:48  SCV  
  33  3:50  Factory Tech Lab  
  33  3:54  Marine  
  35  3:56  SCV  
  35  3:59  Factory Tech Lab  
  35  4:00  SCV  
  37  4:08  SCV  
  37  4:09  Siege Tank  
  41  4:13  SCV  
  42  4:20  SCV  
  42  4:24  Marine  
  43  4:25  SCV  
  43  4:31  Supply Depot  
  45  4:32  SCV  
  45  4:37  SCV  
  47  4:39  Widow Mine  
  47  4:44  SCV  
  51  4:52  SCV  
  51  4:54  Marine  
  51  4:55  Supply Depot  
  51  4:56  SCV  
  53  5:04  SCV  
  54  5:09  SCV, Marauder  
  57  5:17  SCV  
  57  5:19  Supply Depot  
  57  5:21  SCV  
  59  5:24  Marauder  
  61  5:29  SCV  
  62  5:39  Reaper  
  62  5:40  Engineering Bay  
  62  5:41  SCV  
  63  5:44  Starport  
  63  5:46  Supply Depot  
  63  5:48  SCV  
  64  5:53  SCV  
  64  5:54  Siege Tank  
  68  6:00  SCV  
  69  6:05  SCV  
  69  6:07  Missile Turret  
  69  6:09  Missile Turret, Widow Mine  
  72  6:12  SCV, Supply Depot  
  72  6:17  SCV  
  74  6:22  Missile Turret, Starport Tech Lab  
  74  6:23  Missile Turret  
  74  6:24  SCV  
  75  6:29  SCV  
  75  6:30  Sensor Tower  
  76  6:35  Bunker  
  76  6:36  SCV  
  76  6:38  Armory  
  77  6:40  Viking  
  77  6:42  SCV  
  77  6:44  Supply Depot  
  80  6:47  Bunker  
  80  6:52  Barracks  
  80  7:10  Raven  
  82  7:38  Barracks Reactor  
  82  7:53  Raven  
  84  9:34  Medivac, Thor, Combat Shields  
  84  9:35  Stimpack, Terran Infantry Weapons Level 1  
  84  9:36  Starport  
  84  9:37  Supply Depot  
  92  9:41  Ghost Academy, Command Center  
  92  9:44  Fusion Core  
  92  9:45  Siege Tank  
  95  9:47  Engineering Bay  
  95  9:50  Armory  
  95  10:01  Supply Depot  
  95  10:04  Raven  
  97  10:12  Medivac  
  97  10:13  Terran Infantry Armor Level 1  
  99  10:16  Thor  
  103  10:42  Starport Reactor  
  103  10:53  Concussive Shells  
  103  10:55  SCV  
  104  10:58  SCV  
  104  11:00  Missile Turret, Refinery  
  105  11:05  Missile Turret  
  105  11:06  Refinery  
  105  11:27  Bunker  
  105  11:33  Marine  
  105  11:37  Raven  
  82  11:44  Marine  
  77  11:55  Marine  
  78  12:06  Marine  
  79  12:16  Marine  
  79  12:20  Raven  
  82  12:27  Marine  
  83  12:38  Siege Tank  
  86  12:49  Siege Tank  
  89  13:03  Raven  
  91  13:10  Widow Mine  
  72  13:20  Medivac x2  
  72  13:21  Widow Mine  
  72  13:26  Marine  
  69  13:27  SCV  
  72  13:34  Hellion  
  72  13:37  Bunker  
  72  13:39  SCV  
  65  13:41  Marauder  
  65  13:42  SCV  
  65  13:46  Raven  
  52  13:49  Hellion  
  52  13:51  SCV  
  52  13:54  SCV  
  50  13:56  Marauder  
  50  13:59  Marine  
  50  14:00  Terran Vehicle Weapons Level 1, Supply Depot  
  50  14:02  Medivac, Marine  
  44  14:03  SCV  
  44  14:05  Marine  
  44  14:06  SCV  
  44  14:08  Thor  
  42  14:11  Thor  
  42  14:17  Command Center, Marine  
  44  14:18  SCV  
  44  14:20  Marine x2  
  44  14:23  Marine  
  42  14:28  Raven  
  42  14:31  SCV  
  45  14:34  Marine  
  45  14:36  Supply Depot  
  45  14:37  Marine  
  45  14:38  Marine  
  38  14:41  Marine  
  38  14:43  SCV  
  39  14:51  Hellion  
  39  14:52  Marine  
  37  14:55  SCV, Marine  
  37  14:57  Marine  
  37  14:58  Marine  
  41  15:02  Widow Mine  
  40  15:07  SCV  
  40  15:10  Marine  
  40  15:13  Marine  
  34  15:15  Marine  
  34  15:16  Marine  
  34  15:19  SCV  
  22  15:29  SCV  
  22  15:31  SCV, Refinery, Marine  
  22  15:34  Marine  
  17  15:35  Siege Tank  
  17  15:41  SCV  
  17  15:43  SCV  
  17  15:49  Marine  
  15  15:54  SCV  
  15  15:55  SCV  
  9  16:06  SCV  
  9  16:08  Widow Mine  
  8  16:13  Command Center  
  8  16:18  SCV  
  6  16:28  Starport  
  6  16:30  SCV  
  8  16:37  Command Center  
Tags
 
Matchup
TvT
Race
Terran
Replay Pack
RP
Spawn Locations
Cross Positions
Add a new tag
Caveats
  • Supply blocks, unpowered buildings, or Contaminate may cause inaccurate times.
  • Supply counts are checked every 10 seconds.